 Dungeon Crawl Stone Soup version 0.29.1-15-g9cfb28693d (webtiles) character file.

Game seed: 1582326699470775144

4 Ast3rio the Gusty (level 1, 0/10 HPs)
             Began as a Deep Elf Air Elementalist on Mar 13, 2023.
             Slain by a goblin
             ... wielding a +0 dagger
              (1 damage)
             ... on level 1 of the Dungeon.
             The game lasted 00:00:34 (25 turns).

Ast3rio the Gusty (Deep Elf Air Elementalist)         Turns: 25, Time: 00:00:34

Health: 0/10       AC:  2    Str:  5    XL:     1   Next: 50%
Magic:  0/6        EV: 13    Int: 19    God:
Gold:   0          SH:  0    Dex: 15    Spells: 5/6 levels left

rFire   . . .      SeeInvis .   (no weapon)
rCold   . . .      Faith    .   (no shield)
rNeg    . . .      Spirit   .   a - +0 robe
rPois   .          Reflect  .   (no helmet)
rElec   .          Harm     .   (no cloak)
rCorr   .          Rampage  .   (no gloves)
Will    .....                   (no boots)
Stlth   ++........              (no amulet)
HPRegen 0.03/turn               (no ring)
MPRegen 0.10/turn               (no ring)

@: no status effects
A: no striking features
a: no special abilities


You were on level 1 of the Dungeon.
You visited 1 branch of the dungeon, and saw 1 of its levels.

Inventory:

Armour
 a - a +0 robe (worn)
Potions
 b - a potion of magic


   Skills:
 + Level 2.7 Dodging
 + Level 2.4 Stealth
 + Level 3.0 Spellcasting
 + Level 1.1 Conjurations
 + Level 3.1 Air Magic


You had 5 spell levels left.
You knew the following spells:

 Your Spells              Type           Power      Damage    Failure   Level
a - Shock                 Conj/Air       40%        1d5       6%          1

Your spell library contained the following spells:

 Spells                   Type           Power      Damage    Failure   Level
 Static Discharge         Conj/Air       10%        3-5/arc   10%         2
 Swiftness                Air            14%        N/A       13%         3
 Airstrike                Air            7%         2d(1-17)  38%         4


Dungeon Overview and Level Annotations

Branches:
Dungeon (1/15)

Altars:


Message History

The zap misses the goblin.
The gnoll barely misses you.
A goblin comes into view. It is wielding a +0 dagger.
Casting: Shock (safe; 6% risk of failure)
Confirm with . or Enter, or press ? or * to list all spells.
You don't have enough magic to cast this spell.
Unknown command.
The goblin shouts!
You hit the goblin.
The goblin is severely wounded.
A nearby plant withers and dies.
The dart slug briefly extends its eye-stalks.
The goblin closely misses you. The gnoll barely misses you.
You hit the goblin.
You kill the goblin!
The gnoll hits you from afar with a +0 spear.
Ouch! That really hurt!
The gnoll barely misses you. The gnoll closely misses you.
The frilled lizard closely misses you.
The frilled lizard attacks as you move away!
The frilled lizard bites you but does no damage.
The goblin closely misses you.
Casting: Shock (safe; 6% risk of failure)
Confirm with . or Enter, or press ? or * to list all spells.
Aiming: Shock (safe; 6% risk of failure)
Press: ? - help, Shift-Dir - straight line The zap misses the frilled lizard.
The zap hits the gnoll.
The gnoll is moderately wounded.
The zap hits the dart slug.
The dart slug is lightly wounded.
The zap hits the dart slug.
The dart slug is heavily wounded.
The frilled lizard bites you. The gnoll barely misses you.
You hit the frilled lizard.
You kill the frilled lizard!
The gnoll hits you but does no damage.
You barely miss the goblin.
The gnoll hits you from afar with a +0 spear.
* * * LOW HITPOINT WARNING * * *
The goblin hits you with a +0 dagger.
You die...

#++## #...####
#...'..# #.<.'..+
#...#..# #...#..#
#####@.# ##g##
#### #gw.#...$.
.#.####...?.....)
..........#......
..P...#)..######.
....P..#.##
.P..P..#.#
.P.....#.#


You could see a gnoll, a dart slug and a goblin.

Vanquished Creatures
  A giant cockroach (D:1)
  A goblin (D:1)
  2 frilled lizards (D:1)
4 creatures vanquished.

Vanquished Creatures (others)
  2 plants (D:1)
2 creatures vanquished.

Grand Total: 6 creatures vanquished

Notes
Turn   | Place    | Note
-------+----------+-------------------------------------------
     0 | D:1      | Ast3rio the Deep Elf Air Elementalist began the quest for
                  | the Orb.
     0 | D:1      | Reached XP level 1. HP: 10/10 MP: 6/6
    25 | D:1      | Slain by a goblin

Illustrated notes

Levels and vault maps discovered:
D:1:      dpeg_arrival_houses_and_road, layout_loops_cross, serial_glass,
          glass_columns_b, glass_columns_b, nicolae_grassy_gnolls

Action                   || total
-------------------------++-------
Melee: Unarmed           ||     4
 Cast: Shock             ||     7
Armor: Robe              ||     2
Dodge: Dodged            ||    10
